 Dungeon Crawl Stone Soup version 0.19.5 (console) character file.

557 CALLOUS the Shield-Bearer (level 7, -2/57 HPs)
             Began as a Hill Orc Transmuter on Apr 11, 2017.
             Was a Follower of Beogh.
             Slain by a wight
             ... wielding a +0 great sword
              (14 damage)
             ... on level 6 of the Dungeon.
             The game lasted 01:59:41 (7269 turns).

CALLOUS the Shield-Bearer (Hill Orc Transmuter)     Turns: 7269, Time: 01:59:42

Health: -2/57      AC:  3    Str: 15    XL:     7   Next: 30%
Magic:  8/9        EV: 11    Int: 13    God:    Beogh [*.....]
Gold:   235        SH:  0    Dex: 11    Spells: 2 memorised, 6 levels left

rFire  . . .     SeeInvis .     v - +0 whip (freeze)
rCold  . . .     Gourm    .     L - +0 leather armour (curse)
rNeg   . . .     Faith    .     (no shield)
rPois  .         Spirit   .     (no helmet)
rElec  .         Reflect  .     (no cloak)
rCorr  .         Harm     .     (no gloves)
MR     .....                    (boots currently unavailable)
Stlth  +.........               (no amulet)
                                (no ring)
                                (no ring)

@: appendage (expiring), drained
A: talons 3
a: End Transformation, Renounce Religion


You were on level 6 of the Dungeon.
You worshipped Beogh.
Beogh was aware of your devotion.
You were hungry.
You had grown temporary talons.
You visited 1 branch of the dungeon, and saw 7 of its levels.

You collected 235 gold pieces.

Inventory:

Hand Weapons
 v - a +0 whip of freezing (weapon)
 H - a +0 whip of venom
 I - a +0 shortbow
 M - a +2 antimagic dagger
Missiles
 e - 18 poisoned needles
 j - 75 stones (quivered)
 r - 64 bolts
 J - 3 arrows
Armour
 b - a +0 robe
 m - a +0 shield
 y - a +3 chain mail
 L - a cursed +0 leather armour (worn)
Jewellery
 x - an uncursed amulet of rage {unknown}
 B - an uncursed amulet of guardian spirit {unknown}
Wands
 E - a wand of lightning (7/15)
Scrolls
 f - 2 scrolls of fog {unknown}
 g - a scroll of remove curse {unknown}
 i - a scroll of enchant armour {unknown}
 k - a scroll of noise {unknown}
 l - 2 scrolls of fear {unknown}
 o - a scroll of recharging {unknown}
 p - 3 scrolls of enchant weapon {unknown}
 u - a scroll of immolation {unknown}
 z - a scroll of blinking {unknown}
 A - 2 scrolls of amnesia {unknown}
 C - a scroll of magic mapping {unknown}
 D - 2 scrolls of identify {unknown}
Potions
 q - a potion of lignification
 t - a potion of berserk rage
Books
 c - a book of Changes

   Spells                             Type                      Level
   a - Beastly Appendage              Transmutation                1
   b - Sticks to Snakes               Transmutation                2
   c - Spider Form                    Transmutation/Poison         3
   d - Ice Form                       Ice/Transmutation            4
   e - Blade Hands                    Transmutation                5
Comestibles
 d - 2 bread rations
 s - 2 meat rations
 F - a royal jelly


   Skills:
 - Level 3.2(2.5) Fighting
 - Level 1.5(0.9) Dodging
 * Level 7.6(7.0) Shields
 - Level 3.2(2.6) Unarmed Combat
 - Level 1.5(0.9) Spellcasting
 - Level 1.3(0.8) Transmutations


You had 6 spell levels left.
You knew the following spells:

 Your Spells              Type           Power        Failure   Level  Hunger
a - Beastly Appendage     Tmut           #.....       24%         1    ##.....
b - Sticks to Snakes      Tmut           #.......     38%         2    ###....


Dungeon Overview and Level Annotations

Branches:
Dungeon (7/15)
 Temple: D:4-7

Altars:
Qazlal

Annotations:
D:2 1 exclusion
D:3 exclusion: 2 adders
D:4 exclusion: worker ant
D:5 opDmace, exclusion: orc priest, Sigmund
D:6 wDdaggerofovenomrobe, exclusions: bullfrog and hound
D:7 sgEDfreezingzin, Sanvar's ghost, novice TeAK


Innate Abilities, Weirdness & Mutations

You have claws for feet.


Message History

Unknown command.
Press: ? - help, v - describe, . - travel
Here: a wight, wielding a great sword and wearing a robe (moderately damaged)
The floor.
Press: ? - help, v - describe, . - travel
Here: a wight, wielding a great sword and wearing a robe (moderately damaged)
The floor.
Things that are here:
a scale mail; a hand axe
There is a stone staircase leading up here.
Press: ? - help, v - describe, . - travel
Here: a wight, wielding a dagger of venom and wearing a robe The floor.
Unknown command.
Casting: Beastly Appendage
Confirm with . or Enter, or press ? or * to list all spells.
Your feet morph into talons.
Your transformation is almost over.
The wight hits you with a great sword!
You die...

#......[.>.((z.z....##..)(....
#.####.....z(#.z.....(...#....
#.##.####.##.##.###.#.###
#.####.##.# #.##.##..##.#..
#.....z...# #.##.###.##.#.##
######z#### #.##.# #.##.#.#
#.# #.##.# #.##.#.# #.#
#.##.#.....F..# #.#
#..#.#.##.#.#.#
#z########.#.#. .# #
#<.zz..z@)...# ..
#..........[)..### #..
#.###.######.#.# .. ...# #.#.#
... ##### #.#.# #.#.# #....
..... ..


You could see 4 wights.

Vanquished Creatures
  A centaur (D:5)
  An orc wizard (D:6)
  A hound (D:6)
  An iguana (D:6)
  Natasha (D:2)
  A worker ant (D:6)
  A hound skeleton (D:4)
  5 adders
  2 gnolls (D:4)
  A worm (D:5)
  A dart slug (D:2)
  3 leopard geckos
  19 orcs
  6 bats
  A giant cockroach (D:3)
  7 goblins
  7 hobgoblins
  A ball python (D:2)
  5 frilled lizards
  4 kobolds
  10 rats
79 creatures vanquished.

Vanquished Creatures (collateral kills)
  An ogre (D:6)
  A bullfrog (D:6)
  Natasha (twice) (D:2)
  A worker ant (D:4)
  A gnoll (D:5)
  5 adders
  2 worms
  2 giant cockroaches
  A ball python (D:5)
  A rat (D:2)
17 creatures vanquished.

Vanquished Creatures (others)
  An orc priest (D:4)
  2 orcs (D:4)
  A jackal skeleton (D:4)
4 creatures vanquished.

Grand Total: 100 creatures vanquished

Notes
Turn   | Place    | Note
-------+----------+-------------------------------------------
     0 | D:1      | CALLOUS the Hill Orc Transmuter began the quest for the Orb.
     0 | D:1      | Reached XP level 1. HP: 16/16 MP: 3/3
   593 | D:1      | Reached XP level 2. HP: 17/25 MP: 2/4
   610 | D:1      | Learned a level 2 spell: Sticks to Snakes
  1709 | D:2      | Reached skill level 1 in Shields
  1709 | D:2      | Reached XP level 3. HP: 26/31 MP: 1/5
  2017 | D:2      | Reached skill level 2 in Shields
  2073 | D:2      | Noticed Natasha
  2089 | D:2      | Killed Natasha
  2089 | D:2      | Reached XP level 4. HP: 18/38 MP: 2/6
  2526 | D:2      | Reached skill level 3 in Shields
  3714 | D:2      | Noticed Natasha
  3735 | D:2      | Killed Natasha
  3735 | D:2      | Reached skill level 4 in Shields
  3735 | D:2      | Reached XP level 5. HP: 37/45 MP: 5/7
  3816 | D:2      | Noticed Natasha
  3825 | D:2      | Killed Natasha
  4805 | D:4      | Reached skill level 5 in Shields
  5208 | D:4      | Became a worshipper of Beogh the Brigand
  5222 | D:4      | Reached XP level 6. HP: 51/51 MP: 3/8
  5282 | D:5      | Entered Level 5 of the Dungeon
  5765 | D:5      | Noticed Sigmund
  5786 | D:5      | Reached skill level 6 in Shields
  6804 | D:6      | Reached skill level 7 in Shields
  6804 | D:6      | Reached XP level 7. HP: 9/57 MP: 2/9
  6942 | D:7      | Found a stormy altar of Qazlal.
  6949 | D:7      | Noticed Sanvar's ghost (novice TeAK)
  7162 | D:6      | Reached * piety under Beogh
  7269 | D:6      | Slain by a wight

Skill      XL: |  1  2  3  4  5  6 |
---------------+-------------------+-----
Fighting       | 2 3 |  3.2
Shields        | 1 2 4 5 7 |  7.6
Dodging        | |  1.5
Unarmed Combat | |  3.2
Spellcasting   | |  1.5
Transmutations | |  1.3

Action                   |  1- 3 |  4- 6 |  7- 9 || total
-------------------------+-------+-------+-------++-------
Melee: Unarmed           |    87 |    45 |       ||   132
       Kick              |     3 |    15 |     6 ||    24
       Headbutt          |     3 |     3 |     1 ||     7
       Whip              |       |   172 |    23 ||   195
       Punch             |       |     5 |       ||     5
Throw: Stone             |    79 |   140 |     8 ||   227
       Tomahawk          |     6 |    24 |     7 ||    37
 Cast: Beastly Appendage |    21 |    24 |     5 ||    50
       Sticks to Snakes  |     2 |    16 |     2 ||    20
Invok: Convert to Beogh  |       |     1 |       ||     1
  Use: Potion            |     4 |     4 |       ||     8
  Eat: Chunk             |     1 |    16 |     2 ||    19
       Bread ration      |     1 |       |       ||     1
Armor: Robe              |     6 |    24 |       ||    30
       Leather armour    |       |    12 |     4 ||    16
       Skin              |       |     9 |       ||     9
Dodge: Dodged            |    54 |   135 |    13 ||   202
